 Dungeon Crawl Stone Soup version 0.30-a0-777-ga9a30cbeda (console) character file.

Game seed: 7336916993431328942

23 rlgrobin the Insei (level 2, -6/24 HPs)
             Began as a Mummy Monk on Feb 14, 2023.
             Mangled by Natasha (10 damage)
             ... on level 2 of the Dungeon.
             The game lasted 00:02:46 (1645 turns).

rlgrobin the Insei (Mummy Monk)                     Turns: 1645, Time: 00:02:47

Health: -6/24      AC:  1    Str: 14    XL:     2   Next: 75%
Magic:  2/2        EV: 12    Int:  9    God:
Gold:   66         SH:  0    Dex: 14    Spells: 1/1 levels left

rFire   x . .      SeeInvis .      - Unarmed
rCold   + . .      Faith    +    (no shield)
rNeg    + + +      Spirit   .    (no body armour)
rPois   ∞          Reflect  .    (no helmet)
rElec   .          Harm     .    (no cloak)
rCorr   .          Rampage  .    (no gloves)
Will    .....                    a - +0 pair of boots
Stlth   ++                       (no amulet)
HPRegen 0.24/turn                (no ring)
MPRegen 0.08/turn                (no ring)

@: no status effects
A: cold resistance 1, negative energy resistance 3, torment resistance 2, heat
vulnerability 1, no potions, faith
a: no special abilities


You were on level 2 of the Dungeon.
You visited 1 branch of the dungeon, and saw 2 of its levels.

You collected 66 gold pieces.

Inventory:

Armour
 a - a +0 pair of boots (worn)
Scrolls
 b - a scroll of amnesia {unknown}
 c - 2 scrolls of identify {unknown}
 d - 2 scrolls of teleportation {unknown}
 e - a scroll of brand weapon {unknown}


   Skills:
 - Level 3.0 Fighting
 - Level 2.4 Dodging
 - Level 1.5 Stealth
 + Level 3.3 Unarmed Combat


You had one spell level left.
You didn't know any spells.
Your spell library contained the following spells:

 Spells                   Type           Power      Damage    Failure   Level
 Ensorcelled Hibernation  Hex/Ice        0%         N/A       52%         2
 Call Canine Familiar     Summ           0%         N/A       77%         3
 Frozen Ramparts          Ice            0%         1d1       77%         3
 Portal Projectile        Hex/Tloc       0%         N/A       77%         3
 Anguish                  Hex/Necr       0%         N/A       99%         4
 Leda's Liquefaction      Hex/Erth       0%         N/A       99%         4
 Summon Ice Beast         Ice/Summ       0%         N/A       99%         4
 Spider Form              Tmut/Pois      Unusable   N/A       N/A         3
 Ice Form                 Ice/Tmut       Unusable   N/A       N/A         4

Dungeon Overview and Level Annotations

Branches:
Dungeon (2/15)

Altars:

Shops:
D:1 *:[*

Annotations:
D:1 exclusion: kobold
D:2 exclusion: gnoll, Natasha


Innate Abilities, Weirdness & Mutations

You are immune to poison.
Your flesh is cold resistant. (rC+)
You are immune to negative energy. (rN+++)
You are immune to unholy pain and torment.
You are vulnerable to heat. (rF-)
You do not drink.
You have a special connection with the divine. (Faith)


Message History

You start resting.
HP restored.
Found 2 glowing red potions.
Found 8 stones.
Found a stone staircase leading down.
A ball python comes into view.
The ball python hisses angrily.
You hit the ball python.
You kill the ball python!
You pick up a book of Rime and begin reading...
You add the spells Frozen Ramparts and Summon Ice Beast to your library.
A ball python comes into view.
The ball python hisses angrily.
The ball python barely misses you. x2
You hit the ball python.
You kill the ball python!
You see here a ball python corpse.
You see here a ball python corpse.
There is an escape hatch in the ceiling here.
You see here a ball python corpse.
There is a stone staircase leading down here.
There is a stone staircase leading down here.
Found a white marble altar of Elyvilon.
e - a scroll labelled USEJUE INAFAWNEL
There is a white marble altar of Elyvilon here.
Found a scorched flail.
Natasha is nearby!
Natasha hisses angrily.
Natasha claws you!
You hit Natasha.
Natasha is lightly wounded.
Natasha claws you.
You closely miss Natasha.
Natasha is lightly wounded.
Natasha claws you!
* * * LOW HITPOINT WARNING * * *
You hit Natasha.
Natasha is lightly wounded.
Natasha claws you!
You die...

#......# ####...# ##
##.## .. #.# #) #.#
#h #.### #. #....
#.##############....
#.h@.............###
##################


You could see Natasha.

Vanquished Creatures
  A dart slug (D:2)
  2 ball pythons (D:2)
  3 endoplasms
  2 goblins
  2 hobgoblins
  2 kobolds (D:2)
  3 quokkas
  A frilled lizard (D:2)
  3 rats (D:1)
19 creatures vanquished.

Vanquished Creatures (others)
  2 plants (D:1)
2 creatures vanquished.

Grand Total: 21 creatures vanquished

Notes
Turn   | Place    | Note
-------+----------+-------------------------------------------
     0 | D:1      | rlgrobin the Mummy Monk began the quest for the Orb.
     0 | D:1      | Reached XP level 1. HP: 18/18 MP: 1/1
    47 | D:1      | Found Velim's Assorted Antiques.
    71 | D:1      | Found Pimy Kat's Book Boutique.
   209 | D:1      | Found Siemum's Antique Armour Shoppe.
   228 | D:1      | Found Ineninuy's General Store.
   496 | D:1      | Reached XP level 2. HP: 18/24 MP: 2/2
  1000 | D:2      | Noticed Natasha
  1645 | D:2      | Mangled by Natasha

Illustrated notes

Levels and vault maps discovered:
D:1:      minmay_arrival_nine_rooms, layout_basic, serial_shops, shop,
          nicolae_shop_hallway_plus, shop, nicolae_shop_overgrown_old_shop,
          serial_bayou, serial_bayou_crossing, serial_bayou_lagoon_a,
          serial_bayou_lagoon_b, serial_bayou_ford_a, serial_bayou_pond_c,
          serial_bayou_pond_c
D:2:      layout_loops_ring, basic_altar, uniq_jessica, uniq_natasha

Skill      XL: |  1 |
---------------+----+-----
Unarmed Combat | 3 |  3.3
Fighting       | |  3.0
Dodging        | |  2.4
Stealth        | |  1.5

Action                     || total
---------------------------++-------
  Melee: Unarmed           ||    74
         Punch             ||     3
   Stab: Sleeping          ||     2
 Armour: Skin              ||     3
  Dodge: Dodged            ||    28

Table legend: (Time is in decaauts)
 A = Elapsed time spent in this place.
 B = Non-inter-level travel time spent in this place.
 C = Inter-level travel time spent in this place.
 D = Time resting spent in this place.
 E = Time spent auto-exploring this place.
 F = Levels seen in this place.
 G = Mean time per level.
                   A        B        C        D        E       F      G
               +--------+--------+--------+--------+--------+-----+--------+
         Total |   1664 |   1611 |     53 |    168 |   1112 |   2 |  832.0 |
       Dungeon |   1664 |   1611 |     53 |    168 |   1112 |   2 |  832.0 |
               +--------+--------+--------+--------+--------+-----+--------+

Top non-repeatable levels by time:
     D:1: 921 daAuts
     D:2: 743 daAuts
